 Dungeon Crawl Stone Soup version 0.32-a0-986-ga09f62fbf4 (webtiles) character file.

Game seed: 6742156658580487029

50 bananaken the Trooper (level 3, -3/40 HPs)
             Began as an Oni Delver on Apr 21, 2024.
             Killed from afar by an orc wizard (12 damage)
             ... with a magic dart
             ... on level 4 of the Dungeon.
             The game lasted 00:04:25 (412 turns).

bananaken the Trooper (Oni Delver)                   Turns: 412, Time: 00:04:25

Health: -3/40      AC:  3    Str: 18    XL:     3   Next: 79%
Magic:  3/3        EV:  8    Int: 11    God:
Gold:   37         SH:  0    Dex: 10    Spells: 2/2 levels left

rFire   . . .        a - +0 mace
rCold   . . .        (no shield)
rNeg    . . .        b - +0 robe
rPois   .            (helmet restricted)
rElec   .            (no cloak)
rCorr   .            (gloves unavailable)
SInv    .            (boots unavailable)
Will    .....        (no amulet)
Stlth   ++           (no ring)
HPRegen 0.26/turn    (no ring)
MPRegen 0.08/turn

%: no passive effects
@: no status effects
A: large, unfitting armour, horns 1, tough skin 1, double potion healing,
drunken brawling
a: no special abilities


You were on level 4 of the Dungeon.
You visited 1 branch of the dungeon, and saw 2 of its levels.

You collected 37 gold pieces.

Inventory:

Hand Weapons
 a - a +0 mace (weapon)
Armour
 b - a +0 robe (worn)
Wands
 g - a wand of digging (2)
Scrolls
 c - a scroll of fog


   Skills:
 + Level 4.6 Fighting
 * Level 3.1 Maces & Flails
 - Level 1.7 Dodging
 - Level 3.7 Stealth
 + Level 1.1 Evocations


You had 2 spell levels left.
You didn't know any spells.
Your spell library was empty.

Dungeon Overview and Level Annotations

Branches:
Dungeon (5/15)             Temple (0/1) D:4

Altars:
Trog

Annotations:
D:4 exclusion: gnoll
D:5 exclusion: 2 lemures


Innate Abilities, Weirdness & Mutations

You are too large for most types of armour.
You have a pair of small horns on your head.
You have tough skin. (AC +1)
You gain doubled healing and magic from potions.
Whenever you drink a healing potion, you attack all around you.


Message History

Found a short sword. 2 orcs come into view.
Found a staircase to the Ecumenical Temple.
An orc wizard comes into view. It is wielding a +0 dagger.
The orc moves out of view.
An orc comes into view. It is wielding a +0 whip.
The orc shouts! x3
An orc wizard comes into view. It is wielding a +0 dagger.
An orc comes into view. It is wielding a +0 hand axe.
An orc comes into view. It is wielding a +0 mace.
A hound comes into view.
Found a scale mail.
The hound barks!
You hear a shout!
An orc comes into view. It is wielding a +0 dagger.
An orc comes into view. It is wielding a +0 dagger.
The orc wizard shouts!
The hound bites you. The hound closely misses you.
The orc wizard hits you with a +0 dagger.
The orc wizard hits you but does no damage.
The hound bites you.
* * * LOW HITPOINT WARNING * * *
The orc wizard hits you but does no damage.
The hound attacks as it pursues you! The hound bites you but does no damage.
The orc hits you but does no damage. x2
The orc wizard hits you but does no damage.
The hound bites you.
* * * LOW HITPOINT WARNING * * *
The hound attacks as it pursues you! The hound barely misses you.
The orc attacks as it pursues you! The orc barely misses you.
The hound attacks as it pursues you! The hound bites you but does no damage.
The orc wizard gestures wildly while chanting.
The orc wizard flickers and vanishes!
Deactivating autopickup; reactivate with Ctrl-A.
The hound bites you but does no damage.
Found a scroll labelled DECSEPH CUTE.
The orc wizard shouts!
You hear a shout!
The hound pauses to sniff the ground.
The orc wizard casts a spell at you. The magic dart hits you!
You die...

#.##..##g....##..## *,,,**,,
#.#..##.g#.#..##..###,,,**,,
#.#.##..##.##.g##...#,,,+,,,
#.g.g..##...##.....[#,,,**,,
#.#....o..>.o.og....#,,,****
#.#....##o..##o.....#,,,*
#...##..##.##..##...#,,,*
##...##..#.#ho##....#,***
#...,*#...@.##,o...#,*
####.,#.....#,,......*
*#.......o.,,...##*
#####.......,,,*
##....?...,** ######...,,*
*###*,* *,* *,*


You could see a hound, an orc wizard, a gnoll and 4 orcs.

Vanquished Creatures
  An iguana (D:4)
  A gnoll (D:4)
  An adder (D:5)
  2 hobgoblins (D:4)
5 creatures vanquished.

Notes
Turn   | Place    | Note
-------+----------+-------------------------------------------
     0 | D:5      | bananaken the Oni Delver began the quest for the Orb.
     0 | D:5      | Reached XP level 1. HP: 24/24 MP: 1/1
    31 | D:5      | Noticed a lemure
    31 | D:5      | Noticed a lemure
   100 | D:5      | Noticed an ogre
   100 | D:5      | Noticed a black bear
   139 | D:5      | Reached XP level 2. HP: 7/32 MP: 2/2
   147 | D:5      | Noticed a water moccasin
   221 | D:4      | Reached skill level 1 in Evocations
   221 | D:4      | Reached XP level 3. HP: 40/40 MP: 3/3
   376 | D:4      | Found a bloodstained altar of Trog.
   391 | D:4      | Found a staircase to the Ecumenical Temple.
   412 | D:4      | Killed from afar by an orc wizard

Illustrated notes

Levels and vault maps discovered:
D:4:      layout_basic, hangedman_ru_absence, trog_three_pillars_becter,
          minmay_temple_entry_waves
D:5:      layout_loops_ring, uniq_pikel, uniq_edmund

Skill      XL: |  1  2 |
---------------+-------+-----
Maces & Flails | 3 |  3.1
Evocations     | 1 |  1.1
Fighting       | |  4.6
Dodging        | |  1.7
Stealth        | |  3.7

Action                     || total
---------------------------++-------
  Melee: Mace              ||    26
         Headbutt          ||     3
  Evoke: Wand              ||     1
    Use: Potion            ||     5
         Scroll            ||     3
   Stab: Sleeping          ||     1
 Armour: Robe              ||    49
  Dodge: Dodged            ||    12

Table legend: (Time is in decaauts)
 A = Elapsed time spent in this place.
 B = Non-inter-level travel time spent in this place.
 C = Inter-level travel time spent in this place.
 D = Time resting spent in this place.
 E = Time spent auto-exploring this place.
 F = Levels seen in this place.
 G = Mean time per level.
                   A        B        C        D        E       F      G
               +--------+--------+--------+--------+--------+-----+--------+
         Total |    402 |    402 |      0 |     44 |    165 |   2 |  201.0 |
       Dungeon |    402 |    402 |      0 |     44 |    165 |   2 |  201.0 |
               +--------+--------+--------+--------+--------+-----+--------+

Top non-repeatable levels by time:
     D:4: 253 daAuts
     D:5: 149 daAuts
